TOP OF THE 1ST |
---|
West Virginia Power batting - Pitching for Key West Barracudas : RHP George Bennion | Pitching: RHP George Bennion | | Batting: RHB Luis Montoya | 0-0: Called Strike 0-1: Ball 1-1: Ground out 1-3 (Groundball, 15) | Batting: RHB Nick Mackin | 0-0: Ball 1-0: Ball 2-0: Foul Ball, location: 2F 2-1: Ball 3-1: Ground out 4-3 (Groundball, 4S) | Batting: SHB Patrizio Batistuta | 0-0: Foul Ball, location: 2F 0-1: Swinging Strike 0-2: Strikes out looking | Top of the 1st over - 0 runs, 0 hits, 0 errors, 0 left on base; West Virginia 0 - Key West 0 | BOTTOM OF THE 1ST |
---|
Key West Barracudas batting - Pitching for West Virginia Power : RHP Rosendo Alonso | Pitching: RHP Rosendo Alonso | | Batting: SHB Rodney Birling | 0-0: Ball 1-0: Ground out U3 (Groundball, 3L) | Batting: RHB Chris Adams | 0-0: Fly out, F9 (Flyball, 9S) | Batting: SHB José Espinoza | 0-0: Fly out, F7 (Flyball, 7LD) | Bottom of the 1st over - 0 runs, 0 hits, 0 errors, 0 left on base; West Virginia 0 - Key West 0 | TOP OF THE 2ND |
---|
West Virginia Power batting - Pitching for Key West Barracudas : RHP George Bennion | Batting: RHB Joe Salas | 0-0: Ball 1-0: Foul Ball, location: 2F 1-1: Ball 2-1: Ball 3-1: Ground out U3 (Groundball, 3L) | Batting: LHB Jorge Luna | 0-0: Called Strike 0-1: DOUBLE (Line Drive, 89M) | Batting: SHB Nuno Fonseca | 0-0: Called Strike 0-1: Called Strike 0-2: Strikes out swinging | Batting: RHB Cory Hester | 0-0: Called Strike 0-1: Ball 1-1: Called Strike 1-2: Ground out 6-3 (Groundball, 6M) | Top of the 2nd over - 0 runs, 1 hit, 0 errors, 1 left on base; West Virginia 0 - Key West 0 | BOTTOM OF THE 2ND |
---|
Key West Barracudas batting - Pitching for West Virginia Power : RHP Rosendo Alonso | Batting: SHB Héctor Jiménez | 0-0: Ball 1-0: SINGLE (Flyball, 9S) | Batting: RHB John Smith | 0-0: Swinging Strike 0-1: Foul Ball, location: 2F 0-2: Ground out U3 (Groundball, 3L) Héctor Jiménez to second | Batting: SHB Eric Pimentel | 0-0: SINGLE (Flyball, 7S) Héctor Jiménez to third Runner from 3rd tries for Home, SAFE, throw made home | Now in LF: Luis Árias | | Batting: RHB Anastasio Zartuche | 0-0: Fielders Choice at 2nd, 3-6 (Groundball, 3) | Batting: LHB Juan Lima | 0-0: Fly out, F9 (Line Drive, 9) | Bottom of the 2nd over - 1 run, 2 hits, 0 errors, 1 left on base; West Virginia 0 - Key West 1 | TOP OF THE 3RD |
---|
West Virginia Power batting - Pitching for Key West Barracudas : RHP George Bennion | Batting: RHB Ira Ross | 0-0: Swinging Strike 0-1: Foul Ball, location: 2F 0-2: Foul Ball, location: 2F 0-2: Ball 1-2: Fly out, F9 (Flyball, 89D) | Batting: RHB Vaughan Shelton | 0-0: Called Strike 0-1: Foul Ball, location: 2F 0-2: Ball 1-2: Fly out, F8 (Line Drive, 8RD) | Batting: RHB Luis Montoya | 0-0: Ball 1-0: Swinging Strike 1-1: Foul Ball, location: 2F 1-2: Ball 2-2: Ground out 5-3 (Groundball, 56) | Top of the 3rd over - 0 runs, 0 hits, 0 errors, 0 left on base; West Virginia 0 - Key West 1 | BOTTOM OF THE 3RD |
---|
Key West Barracudas batting - Pitching for West Virginia Power : RHP Rosendo Alonso | Batting: LHB Motoki Hirata | 0-0: Ball 1-0: Ball 2-0: Foul Ball, location: 2F 2-1: Called Strike 2-2: DOUBLE (Flyball, 78D) | Batting: SHB Rodney Birling | 0-0: Called Strike 0-1: Ball 1-1: Foul Ball, location: 2F 1-2: DOUBLE (Line Drive, 9LM) Motoki Hirata scores | Batting: RHB Chris Adams | 0-0: Swinging Strike 0-1: Ball 1-1: Ball 2-1: Foul Ball, location: 2F 2-2: Foul Ball, location: 2F 2-2: Strikes out looking | Batting: SHB José Espinoza | 0-0: Called Strike 0-1: Ball 1-1: Ball 2-1: Called Strike 2-2: Strikes out swinging | Batting: SHB Héctor Jiménez | 0-0: Ball 1-0: Foul Ball, location: 2F 1-1: Swinging Strike 1-2: Foul Ball, location: 2F 1-2: Ball 2-2: Ball 3-2: Base on Balls | Batting: RHB John Smith | 0-0: Called Strike 0-1: Ball 1-1: Ball 2-1: Ball 3-1: Called Strike 3-2: Strikes out swinging | Bottom of the 3rd over - 1 run, 2 hits, 0 errors, 2 left on base; West Virginia 0 - Key West 2 | TOP OF THE 4TH |
---|
West Virginia Power batting - Pitching for Key West Barracudas : RHP George Bennion | Batting: RHB Nick Mackin | 0-0: Called Strike 0-1: Called Strike 0-2: Ball 1-2: Ball 2-2: Ball 3-2: Foul Ball, location: 2F 3-2: SINGLE (Line Drive, 56) | Batting: SHB Patrizio Batistuta | 0-0: Ball Nick Mackin is caught stealing 2nd base 1-0: Foul Ball, location: 2F 1-1: Ball 2-1: DOUBLE (Line Drive, 89D) | Batting: RHB Joe Salas | 0-0: Ball 1-0: Ball 2-0: Ball 3-0: Called Strike 3-1: Base on Balls | Batting: LHB Jorge Luna | 0-0: Called Strike 0-1: Ball 1-1: Swinging Strike 1-2: Foul Ball, location: 2F 1-2: Ball 2-2: Strikes out looking | Batting: RHB Luis Árias | 0-0: Called Strike 0-1: Foul Ball, location: 2F 0-2: Ball 1-2: Foul Ball, location: 2F 1-2: Ball 2-2: Strikes out swinging | Top of the 4th over - 0 runs, 2 hits, 0 errors, 2 left on base; West Virginia 0 - Key West 2 | BOTTOM OF THE 4TH |
---|
Key West Barracudas batting - Pitching for West Virginia Power : RHP Rosendo Alonso | Batting: SHB Eric Pimentel | 0-0: Ball 1-0: Called Strike 1-1: Swinging Strike 1-2: Ball 2-2: Foul Ball, location: 2F 2-2: Strikes out looking | Batting: RHB Anastasio Zartuche | 0-0: Called Strike 0-1: Called Strike 0-2: Ball 1-2: Foul Ball, location: 2F 1-2: Ball 2-2: SINGLE (Groundball, 56D) | Batting: LHB Juan Lima | 0-0: Ball 1-0: Foul Ball, location: 2F 1-1: Called Strike 1-2: Fly out, F9 (Flyball, 89M) | Batting: LHB Motoki Hirata | 0-0: Foul Ball, location: 2F 0-1: Ball 1-1: Called Strike 1-2: Ball 2-2: Strikes out swinging | Bottom of the 4th over - 0 runs, 1 hit, 0 errors, 1 left on base; West Virginia 0 - Key West 2 | TOP OF THE 5TH |
---|
West Virginia Power batting - Pitching for Key West Barracudas : RHP George Bennion | Batting: RHB Cory Hester | 0-0: Foul Ball, location: 2F 0-1: SINGLE (Groundball, 56D) | Batting: RHB Ira Ross | 0-0: Called Strike 0-1: Ball 1-1: Foul Ball, location: 2F 1-2: SINGLE (Groundball, 56D) Cory Hester to second Runner from 2nd tries for 3rd, SAFE, no throw | Batting: RHB Vaughan Shelton | 0-0: SINGLE (Groundball, 6MD) Cory Hester scores Ira Ross to second | Batting: RHB Luis Montoya | 0-0: Called Strike 0-1: Foul Ball, location: 2F 0-2: Foul Ball, location: 2F 0-2: Ball 1-2: Foul Ball, location: 2F 1-2: SINGLE (Groundball, 56S) (infield hit) Ira Ross to third Vaughan Shelton to second | Pitching: RHP Bob Schneider | | Batting: RHB Nick Mackin | 0-0: Ball 1-0: Called Strike 1-1: Called Strike 1-2: Fly out, F4 (Flyball, 34D) | Batting: SHB Patrizio Batistuta | 0-0: Ball 1-0: Called Strike 1-1: Ball 2-1: Ball 3-1: Foul Ball, location: 2F 3-2: SINGLE (Flyball, 9LS) Ira Ross scores Vaughan Shelton to third Luis Montoya to second Runner from 3rd tries for Home, throw and OUT! | Batting: RHB Joe Salas | 0-0: Called Strike 0-1: Ball 1-1: Foul Ball, location: 2F 1-2: Foul Ball, location: 2F 1-2: Ball 2-2: Strikes out looking | Top of the 5th over - 2 runs, 5 hits, 0 errors, 2 left on base; West Virginia 2 - Key West 2 | BOTTOM OF THE 5TH |
---|
Key West Barracudas batting - Pitching for West Virginia Power : RHP Rosendo Alonso | Batting: SHB Rodney Birling | 0-0: Called Strike 0-1: Called Strike 0-2: Ball 1-2: Ball 2-2: Fly out, F9 (Flyball, 89S) | Batting: RHB Chris Adams | 0-0: Swinging Strike 0-1: Ball 1-1: Ball 2-1: Called Strike 2-2: Ball 3-2: Fly out, F9 (Flyball, 9S) | Batting: SHB José Espinoza | 0-0: Fly out, F6 (Line Drive, 6) | Bottom of the 5th over - 0 runs, 0 hits, 0 errors, 0 left on base; West Virginia 2 - Key West 2 | TOP OF THE 6TH |
---|
West Virginia Power batting - Pitching for Key West Barracudas : RHP Bob Schneider | Batting: LHB Jorge Luna | 0-0: Ball 1-0: Called Strike 1-1: Ball 2-1: SINGLE (Line Drive, 6D) | Batting: RHB Luis Árias | 0-0: Ball 1-0: Ball 2-0: Foul Ball, location: 2F 2-1: Ball 3-1: Called Strike 3-2: Foul Ball, location: 2F 3-2: Foul Ball, location: 2F 3-2: Foul Ball, location: 2F 3-2: Foul Ball, location: 2F 3-2: Base on Balls Jorge Luna to second | Batting: RHB Cory Hester | 0-0: Ball 1-0: Called Strike 1-1: Ball 2-1: 3-RUN HOME RUN (Flyball, 7LD), Distance : 338 ft | Pitching: RHP Dennis Grange | | Batting: RHB Ira Ross | 0-0: Ball 1-0: Called Strike 1-1: Ball 2-1: Ball 3-1: Foul Ball, location: 2F 3-2: Foul Ball, location: 2F 3-2: Strikes out swinging | Batting: RHB Vaughan Shelton | 0-0: Fly out, F8 (Line Drive, 78M) | Batting: RHB Luis Montoya | 0-0: Foul Ball, location: 2F 0-1: Ball 1-1: Ball 2-1: Called Strike 2-2: Foul Ball, location: 2F 2-2: Ball 3-2: Base on Balls | Batting: RHB Nick Mackin | 0-0: Called Strike 0-1: Swinging Strike 0-2: Strikes out swinging | Top of the 6th over - 3 runs, 2 hits, 0 errors, 1 left on base; West Virginia 5 - Key West 2 | BOTTOM OF THE 6TH |
---|
Key West Barracudas batting - Pitching for West Virginia Power : RHP Rosendo Alonso | Batting: SHB Héctor Jiménez | 0-0: Foul Ball, location: 2F 0-1: SINGLE (Line Drive, 34D) | Pitching: RHP Drake Johnston | | Batting: RHB John Smith | 0-0: Foul Ball, location: 2F 0-1: Grounds into double play, 5-4-3 (Groundball, 56) | Batting: SHB Eric Pimentel | 0-0: Ball 1-0: Called Strike 1-1: Foul Ball, location: 2F 1-2: Strikes out swinging | Bottom of the 6th over - 0 runs, 1 hit, 0 errors, 0 left on base; West Virginia 5 - Key West 2 | TOP OF THE 7TH |
---|
West Virginia Power batting - Pitching for Key West Barracudas : RHP Dennis Grange | Batting: SHB Patrizio Batistuta | 0-0: Foul Ball, location: 2F 0-1: Ball 1-1: Foul Ball, location: 2F 1-2: Strikes out swinging | Batting: RHB Joe Salas | 0-0: Ball 1-0: Called Strike 1-1: Ball 2-1: Ball 3-1: Base on Balls | Batting: LHB Jorge Luna | 0-0: Grounds into double play, U3-6 (Groundball, 3L) | Top of the 7th over - 0 runs, 0 hits, 0 errors, 0 left on base; West Virginia 5 - Key West 2 | BOTTOM OF THE 7TH |
---|
Key West Barracudas batting - Pitching for West Virginia Power : RHP Drake Johnston | Batting: RHB Anastasio Zartuche | 0-0: Ball 1-0: SINGLE (Flyball, 89M) | Batting: LHB Juan Lima | 0-0: Ball 1-0: Ball Anastasio Zartuche steals 2nd base 2-0: Called Strike 2-1: Ball 3-1: Base on Balls | Batting: LHB Motoki Hirata | 0-0: Fly out, F4 (Line Drive, 4) | Batting: SHB Rodney Birling | 0-0: Ball 1-0: Foul Ball, location: 2F 1-1: Ball 2-1: Swinging Strike 2-2: Foul Ball, location: 2F 2-2: Grounds into double play, 3-6-3 (Groundball, 3) | Bottom of the 7th over - 0 runs, 1 hit, 0 errors, 1 left on base; West Virginia 5 - Key West 2 | TOP OF THE 8TH |
---|
West Virginia Power batting - Pitching for Key West Barracudas : RHP Dennis Grange | Batting: RHB Luis Árias | 0-0: Called Strike 0-1: Ball 1-1: Swinging Strike 1-2: Strikes out swinging | Batting: RHB Cory Hester | 0-0: Called Strike 0-1: Called Strike 0-2: Ball 1-2: Foul Ball, location: 2F 1-2: SINGLE (Line Drive, 8RS) | Pitching: RHP Ed Calhoun | | Batting: RHB Ira Ross | 0-0: Ball 1-0: Called Strike 1-1: Called Strike 1-2: Strikes out swinging | Batting: RHB Vaughan Shelton | 0-0: Ball 1-0: Called Strike Cory Hester is caught stealing 2nd base | Top of the 8th over - 0 runs, 1 hit, 0 errors, 0 left on base; West Virginia 5 - Key West 2 | BOTTOM OF THE 8TH |
---|
Key West Barracudas batting - Pitching for West Virginia Power : RHP Drake Johnston | Batting: RHB Chris Adams | 0-0: Called Strike 0-1: Foul Ball, location: 2F 0-2: Ball 1-2: Foul Ball, location: 2F 1-2: Ball 2-2: Ground out 6-3 (Groundball, 6) | Batting: SHB José Espinoza | 0-0: Called Strike 0-1: Ball 1-1: Ball 2-1: Ball 3-1: Called Strike 3-2: Strikes out swinging | Batting: SHB Héctor Jiménez | 0-0: Ball 1-0: Called Strike 1-1: Ball 2-1: Fly out, F7 (Line Drive, 7) | Bottom of the 8th over - 0 runs, 0 hits, 0 errors, 0 left on base; West Virginia 5 - Key West 2 | TOP OF THE 9TH |
---|
West Virginia Power batting - Pitching for Key West Barracudas : RHP Ed Calhoun | Pitching: RHP Gerald Núñez | | Batting: RHB Vaughan Shelton | 0-0: Foul Ball, location: 2F 0-1: Foul Ball, location: 2F 0-2: Ball 1-2: Fly out, F9 (Flyball, 89M) | Batting: RHB Luis Montoya | 0-0: Ball 1-0: TRIPLE (Groundball, 5L) | Pinch Runner at 3rd Juan Carlos Ramos: | | Batting: RHB Nick Mackin | 0-0: Ball 1-0: Ball 2-0: Called Strike 2-1: Ball 3-1: DOUBLE (Flyball, 89D) Juan Carlos Ramos scores | Batting: SHB Patrizio Batistuta | 0-0: SINGLE (Line Drive, 9S) Nick Mackin to third | Batting: RHB Joe Salas | 0-0: Called Strike 0-1: Ball 1-1: Called Strike 1-2: SINGLE (Groundball, 4D) Nick Mackin scores Patrizio Batistuta to second | Batting: LHB Jorge Luna | 0-0: Foul Ball, location: 2F 0-1: Swinging Strike 0-2: Ball 1-2: Ball 2-2: Grounds into double play, 6-4-3 (Groundball, 56) | Top of the 9th over - 2 runs, 4 hits, 0 errors, 1 left on base; West Virginia 7 - Key West 2 | BOTTOM OF THE 9TH |
---|
Key West Barracudas batting - Pitching for West Virginia Power : RHP Drake Johnston | Now at C: Daniel Martínez | | Now in CF: Juan Carlos Ramos | | Batting: RHB John Smith | 0-0: Called Strike 0-1: Ball 1-1: Foul Ball, location: 2F 1-2: Foul Ball, location: 2F 1-2: Ball 2-2: Fly out, F7 (Flyball, 78M) | Batting: SHB Eric Pimentel | 0-0: Ball 1-0: Ball 2-0: Fly out, F6 (Flyball, 6MD) | Batting: RHB Anastasio Zartuche | 0-0: Called Strike 0-1: Ball 1-1: Fly out, F9 (Flyball, 9) | Bottom of the 9th over - 0 runs, 0 hits, 0 errors, 0 left on base; West Virginia 7 - Key West 2 | |